PBL
WINNIPEG GOLDEYES @ DETROIT RED WINGS
07/17/2048
 
TOP OF THE 1ST
Winnipeg Goldeyes batting - Pitching for Detroit Red Wings : RHP Felipe Guevara
Pitching: RHP Felipe Guevara
Batting: RHB Settan Nakamura 0-0: Called Strike
0-1: Foul Ball, location: 2F
0-2: Ball
1-2: Strikes out swinging
Batting: SHB Tim Lloyd 0-0: Ball
1-0: Called Strike
1-1: Called Strike
1-2: Ground out 5-3 (Groundball, 56, EV 76.9 MPH)
Batting: SHB Victor Turrubiate 0-0: Fly out, F8 (Flyball, 8LXD, EV 83.1 MPH)
Top of the 1st over - 0 runs, 0 hits, 0 errors, 0 left on base; Winnipeg 0 - Detroit 0
BOTTOM OF THE 1ST
Detroit Red Wings batting - Pitching for Winnipeg Goldeyes : RHP Chi-young Chuko
Pitching: RHP Chi-young Chuko
Batting: LHB Duda Pinho 0-0: Ball
1-0: Called Strike
1-1: Called Strike
1-2: Ball
2-2: Ball
3-2: Strikes out swinging
Batting: LHB Iestyn Peacock 0-0: Ball
1-0: Swinging Strike
1-1: Foul Ball, location: 2F
1-2: Ball
2-2: Strikes out swinging
Batting: LHB Ryan Adams 0-0: Ball
1-0: Ground out 4-3 (Groundball, 4, EV 79.4 MPH)
Bottom of the 1st over - 0 runs, 0 hits, 0 errors, 0 left on base; Winnipeg 0 - Detroit 0
TOP OF THE 2ND
Winnipeg Goldeyes batting - Pitching for Detroit Red Wings : RHP Felipe Guevara
Batting: RHB Terry Oetker 0-0: Foul Ball, location: 2F
0-1: Ball
1-1: Ball
2-1: Called Strike
2-2: Foul Ball, location: 2F
2-2: Ball
3-2: Strikes out looking
Batting: RHB Alejandro de Jesus 0-0: Ball
1-0: Ball
2-0: Swinging Strike
2-1: Swinging Strike
2-2: Foul Ball, location: 2F
2-2: Foul Ball, location: 2F
2-2: Strikes out swinging
Batting: RHB Ned Scovell 0-0: Foul Ball, location: 2F
0-1: Foul Ball, location: 2F
0-2: Strikes out swinging
Top of the 2nd over - 0 runs, 0 hits, 0 errors, 0 left on base; Winnipeg 0 - Detroit 0
BOTTOM OF THE 2ND
Detroit Red Wings batting - Pitching for Winnipeg Goldeyes : RHP Chi-young Chuko
Batting: RHB Dustin Bursell 0-0: Ball
1-0: Ball
2-0: Fly out, F9 (Flyball, 9LM, EV 96.2 MPH)
Batting: RHB Alex Duarte 0-0: Ball
1-0: Hit by Pitch
Batting: LHB Simon Barry 0-0: Called Strike
0-1: Grounds into double play, 3-6-3 (Groundball, 3S, EV 81.2 MPH)
Bottom of the 2nd over - 0 runs, 0 hits, 0 errors, 0 left on base; Winnipeg 0 - Detroit 0
TOP OF THE 3RD
Winnipeg Goldeyes batting - Pitching for Detroit Red Wings : RHP Felipe Guevara
Batting: RHB Yu-zeng Mai 0-0: SINGLE (Line Drive, 3D, EV 93.8 MPH)
Batting: RHB Andy Valenzuela 0-0: Called Strike
0-1: Ball
1-1: Called Strike
Yu-zeng Mai is caught stealing 2nd base 2-4
1-2: Ball
2-2: Strikes out swinging
Batting: RHB Ricky Saucedo 0-0: Swinging Strike
0-1: Ball
1-1: Swinging Strike
1-2: Ball
2-2: Fly out, F9 (Flyball, 9S, EV 88.1 MPH)
Top of the 3rd over - 0 runs, 1 hit, 0 errors, 0 left on base; Winnipeg 0 - Detroit 0
BOTTOM OF THE 3RD
Detroit Red Wings batting - Pitching for Winnipeg Goldeyes : RHP Chi-young Chuko
Batting: LHB Jose Peralez 0-0: Ball
1-0: Fly out, F7 (Flyball, 7S, EV 77.5 MPH)
Batting: RHB Cody Kafer 0-0: SINGLE (Groundball, 5S, EV 75.0 MPH) (infield hit)
Batting: SHB Roderick Speed 0-0: Called Strike
0-1: Swinging Strike
0-2: Fielders Choice at 2nd, 4-6 (Groundball, 4MD, EV 101.9 MPH)
Batting: LHB Duda Pinho 0-0: SINGLE (Line Drive, 3D, EV 99.4 MPH)
Roderick Speed to second
Runner from 2nd tries for 3rd, SAFE, throw by RF made to third
Batting: LHB Iestyn Peacock 0-0: Ball
1-0: 3-RUN HOME RUN (Flyball, 9D, EV 98.1 MPH), Distance : 386 ft
Batting: LHB Ryan Adams 0-0: Foul Ball, location: 2F
0-1: Ball
1-1: Hit by Pitch
Batting: RHB Dustin Bursell 0-0: SINGLE (Groundball, 4MD, EV 108.1 MPH)
Ryan Adams to second
Runner from 2nd tries for 3rd, SAFE, throw by CF made to third
Batting: RHB Alex Duarte 0-0: Ball
1-0: Ball
2-0: Called Strike
2-1: Foul Ball, location: 2F
2-2: Strikes out swinging
Bottom of the 3rd over - 3 runs, 4 hits, 0 errors, 2 left on base; Winnipeg 0 - Detroit 3
TOP OF THE 4TH
Winnipeg Goldeyes batting - Pitching for Detroit Red Wings : RHP Felipe Guevara
Batting: RHB Settan Nakamura 0-0: Ball
1-0: Foul Ball, location: 2F
1-1: Ball
2-1: Foul Ball, location: 2F
2-2: Strikes out swinging
Batting: SHB Tim Lloyd 0-0: Ball
1-0: SINGLE (Groundball, 6, EV 98.1 MPH)
Batting: SHB Victor Turrubiate 0-0: Ball
Tim Lloyd steals 2nd base
1-0: Foul Ball, location: 2F
1-1: Swinging Strike
1-2: Foul Ball, location: 2F
1-2: Foul Ball, location: 2F
1-2: Foul Ball, location: 2F
1-2: Strikes out swinging
Batting: RHB Terry Oetker 0-0: Ball
1-0: Called Strike
1-1: Ball
2-1: Called Strike
2-2: Ball
3-2: DOUBLE (Line Drive, 3D, EV 95.6 MPH)
Tim Lloyd scores
Batting: RHB Alejandro de Jesus 0-0: Called Strike
0-1: Ball
1-1: SINGLE (Groundball, 56S, EV 63.8 MPH) (infield hit)
Terry Oetker to third
Batting: RHB Ned Scovell 0-0: Ball
Alejandro de Jesus steals 2nd base
1-0: Foul Ball, location: 2F
1-1: Swinging Strike
1-2: Ball
2-2: SINGLE (Groundball, 6D, EV 96.2 MPH)
Terry Oetker scores
Alejandro de Jesus to third
Runner from 3rd tries for Home, SAFE, throw by LF to home
Ned Scovell to second
Batting: RHB Yu-zeng Mai 0-0: Swinging Strike
0-1: Swinging Strike
0-2: Foul Ball, location: 2F
0-2: Ball
1-2: SINGLE (Groundball, 5S, EV 71.2 MPH) (infield hit)
Ned Scovell to third
Batting: RHB Andy Valenzuela 0-0: Ball
1-0: Fielders Choice at 2nd, 5-4 (Groundball, 56, EV 106.9 MPH)
Top of the 4th over - 3 runs, 5 hits, 0 errors, 2 left on base; Winnipeg 3 - Detroit 3
BOTTOM OF THE 4TH
Detroit Red Wings batting - Pitching for Winnipeg Goldeyes : RHP Chi-young Chuko
Batting: LHB Simon Barry 0-0: Ball
1-0: Foul Ball, location: 2F
1-1: Fly out, F9 (Flyball, 9S, EV 81.9 MPH)
Batting: LHB Jose Peralez 0-0: Ball
1-0: Ball
2-0: Fly out, F7 (Flyball, 7S, EV 90.0 MPH)
Batting: RHB Cody Kafer 0-0: Ball
1-0: Ball
2-0: Swinging Strike
2-1: Called Strike
2-2: Strikes out swinging
Bottom of the 4th over - 0 runs, 0 hits, 0 errors, 0 left on base; Winnipeg 3 - Detroit 3
TOP OF THE 5TH
Winnipeg Goldeyes batting - Pitching for Detroit Red Wings : RHP Felipe Guevara
Batting: RHB Ricky Saucedo 0-0: Called Strike
0-1: Ball
1-1: Ball
2-1: Swinging Strike
2-2: Ball
3-2: Fly out, F8 (Flyball, 8RD, EV 96.2 MPH)
Batting: RHB Settan Nakamura 0-0: Called Strike
0-1: Foul Ball, location: 2F
0-2: Strikes out swinging
Batting: SHB Tim Lloyd 0-0: Called Strike
0-1: Ball
1-1: Ball
2-1: Swinging Strike
2-2: Foul Ball, location: 2F
2-2: Foul Ball, location: 2F
2-2: Ball
3-2: Foul Ball, location: 2F
3-2: Ground out U3 (Groundball, 3, EV 83.1 MPH)
Top of the 5th over - 0 runs, 0 hits, 0 errors, 0 left on base; Winnipeg 3 - Detroit 3
BOTTOM OF THE 5TH
Detroit Red Wings batting - Pitching for Winnipeg Goldeyes : RHP Chi-young Chuko
Batting: SHB Roderick Speed 0-0: Called Strike
0-1: Ball
1-1: Foul Ball, location: 2F
1-2: SOLO HOME RUN (Flyball, 9LD, EV 96.9 MPH), Distance : 350 ft
Batting: LHB Duda Pinho 0-0: Ground out 4-3 (Groundball, 4, EV 78.1 MPH)
Batting: LHB Iestyn Peacock 0-0: Called Strike
0-1: Called Strike
0-2: Ball
1-2: Fly out, F7 (Flyball, 8LS, EV 87.5 MPH)
Batting: LHB Ryan Adams 0-0: Ball
1-0: Swinging Strike
1-1: Foul Ball, location: 2F
1-2: Strikes out swinging
Bottom of the 5th over - 1 run, 1 hit, 0 errors, 0 left on base; Winnipeg 3 - Detroit 4
TOP OF THE 6TH
Winnipeg Goldeyes batting - Pitching for Detroit Red Wings : RHP Felipe Guevara
Batting: SHB Victor Turrubiate 0-0: SINGLE (Flyball, 6D, EV 91.2 MPH)
Batting: RHB Terry Oetker 0-0: SINGLE (Groundball, 4, EV 106.9 MPH)
Victor Turrubiate to second
Runner from 2nd tries for 3rd, SAFE, no throw by CF
Pinch Hitting: RHB Mitsuhiro Kobayashi 0-0: SINGLE (Flyball, 3D, EV 95.0 MPH)
Victor Turrubiate scores
Terry Oetker to second
Batting: RHB Ned Scovell 0-0: Swinging Strike
0-1: Swinging Strike
0-2: Ball
1-2: Foul Ball, location: 2F
1-2: Strikes out swinging
Batting: RHB Yu-zeng Mai 0-0: Foul Ball, location: 2F
0-1: Fielders Choice at 2nd, 6-4 (Groundball, 6, EV 84.4 MPH)
Terry Oetker to third
Batting: RHB Andy Valenzuela 0-0: Called Strike
0-1: Foul Ball, location: 2F
0-2: Ball
Yu-zeng Mai steals 2nd, throwing error, E2
Terry Oetker scores
Yu-zeng Mai to third
1-2: 2-RUN HOME RUN (Flyball, 7D, EV 99.4 MPH), Distance : 405 ft
Pitching: RHP Efrain Diaz
Batting: RHB Ricky Saucedo 0-0: Ball
1-0: Ball
2-0: Called Strike
2-1: Ground out 3-1 (Groundball, 34S, EV 85.6 MPH)
Top of the 6th over - 4 runs, 4 hits, 1 error, 0 left on base; Winnipeg 7 - Detroit 4
BOTTOM OF THE 6TH
Detroit Red Wings batting - Pitching for Winnipeg Goldeyes : RHP Chi-young Chuko
Now at 3B: Danny Rodriguez
Batting: RHB Dustin Bursell 0-0: Called Strike
0-1: Ball
1-1: SINGLE (Line Drive, 34D, EV 103.8 MPH)
Batting: RHB Alex Duarte 0-0: Ball
1-0: Fly out, F6 (Popup, 6, EV 62.5 MPH)
Batting: LHB Simon Barry 0-0: Foul Ball, location: 2F
0-1: Ball
1-1: DOUBLE (Line Drive, 3D, EV 100.0 MPH)
Dustin Bursell to third
Batting: LHB Jose Peralez 0-0: Called Strike
0-1: Foul Ball, location: 2F
0-2: Ball
1-2: Foul Ball, location: 2F
1-2: Strikes out looking
Batting: RHB Cody Kafer 0-0: Ball
1-0: Ball
2-0: Called Strike
2-1: Ball
3-1: Called Strike
3-2: Base on Balls
Batting: SHB Roderick Speed 0-0: Called Strike
0-1: Ball
1-1: Swinging Strike
1-2: Ball
2-2: Ball
3-2: Base on Balls
Dustin Bursell scores
Simon Barry to third
Cody Kafer to second
Pitching: LHP Bryce Alexander
Pinch Hitting: RHB John Barton 0-0: Called Strike
0-1: Called Strike
0-2: Foul Ball, location: 2F
0-2: Foul Ball, location: 2F
0-2: Ball
1-2: Strikes out swinging
Bottom of the 6th over - 1 run, 2 hits, 0 errors, 3 left on base; Winnipeg 7 - Detroit 5
TOP OF THE 7TH
Winnipeg Goldeyes batting - Pitching for Detroit Red Wings : RHP Efrain Diaz
Now in LF: John Barton
Now in CF: Cody Kafer
Batting: RHB Settan Nakamura 0-0: Ball
1-0: Foul Ball, location: 2F
1-1: Ball
2-1: Called Strike
2-2: Ball
3-2: Strikes out swinging
Batting: SHB Tim Lloyd 0-0: Ball
1-0: Called Strike
1-1: Ball
2-1: Ball
3-1: Foul Ball, location: 2F
3-2: Reached on error, E5 (Groundball, 56, EV 100.6 MPH)
Batting: SHB Victor Turrubiate 0-0: Ball
1-0: Ball
2-0: Ground out 5-3 (Groundball, 56, EV 104.4 MPH)
Batting: RHB Terry Oetker 0-0: Ball
1-0: Called Strike
1-1: Foul Ball, location: 2F
1-2: Ball
2-2: Fly out, F7 (Line Drive, 7S, EV 88.8 MPH)
Top of the 7th over - 0 runs, 0 hits, 1 error, 1 left on base; Winnipeg 7 - Detroit 5
BOTTOM OF THE 7TH
Detroit Red Wings batting - Pitching for Winnipeg Goldeyes : LHP Bryce Alexander
Batting: LHB Iestyn Peacock 0-0: Ball
1-0: Ball
2-0: Called Strike
2-1: Ball
3-1: Called Strike
3-2: Strikes out looking
Batting: LHB Ryan Adams 0-0: Ball
1-0: Ball
2-0: Called Strike
2-1: Ball
3-1: Foul Ball, location: 2F
3-2: Ground out 4-3 (Groundball, 34D, EV 83.1 MPH)
Batting: RHB Dustin Bursell 0-0: Called Strike
0-1: Foul Ball, location: 2F
0-2: Ball
1-2: Foul Ball, location: 2F
1-2: Foul Ball, location: 2F
1-2: Foul Ball, location: 2F
1-2: Foul Ball, location: 2F
1-2: Ball
2-2: Foul Ball, location: 2F
2-2: Ball
3-2: DOUBLE (Line Drive, 7LM, EV 111.2 MPH)
Batting: RHB Alex Duarte 0-0: Ball
1-0: SINGLE (Groundball, 56, EV 103.8 MPH)
Dustin Bursell to third
Runner from 3rd tries for Home, SAFE, throw by LF to home
Pinch Hitting: RHB Jorge Lebron 0-0: Called Strike
0-1: Swinging Strike
0-2: Ball
Wild Pitch!
Alex Duarte to second
1-2: Foul Ball, location: 2F
1-2: Ball
2-2: Foul Ball, location: 2F
2-2: Ball
3-2: Base on Balls
Pitching: RHP Jason McCaw
Batting: LHB Jose Peralez 0-0: Ball
1-0: Fly out, F8 (Flyball, 8LXD, EV 83.8 MPH)
Bottom of the 7th over - 1 run, 2 hits, 0 errors, 2 left on base; Winnipeg 7 - Detroit 6
TOP OF THE 8TH
Winnipeg Goldeyes batting - Pitching for Detroit Red Wings : RHP Efrain Diaz
Now at 1B: Felipe Torres
Batting: RHB Danny Rodriguez 0-0: Called Strike
0-1: Foul Ball, location: 2F
0-2: Strikes out swinging
Pitching: RHP Neel Verhelst
Batting: RHB Ned Scovell 0-0: Foul Ball, location: 2F
0-1: Called Strike
0-2: Ball
1-2: Foul Ball, location: 2F
1-2: Ground out 6-3 (Groundball, 6, EV 105.0 MPH)
Batting: RHB Yu-zeng Mai 0-0: Swinging Strike
0-1: Ball
1-1: Ball
2-1: Foul Ball, location: 2F
2-2: Foul Ball, location: 2F
2-2: Foul Ball, location: 2F
2-2: SINGLE (Line Drive, 4D, EV 108.1 MPH)
Batting: RHB Andy Valenzuela 0-0: Called Strike
0-1: Ball
1-1: Called Strike
1-2: Ball
2-2: Strikes out swinging
Top of the 8th over - 0 runs, 1 hit, 0 errors, 1 left on base; Winnipeg 7 - Detroit 6
BOTTOM OF THE 8TH
Detroit Red Wings batting - Pitching for Winnipeg Goldeyes : RHP Jason McCaw
Pinch Hitting: RHB Peter Jones 0-0: Called Strike
0-1: Foul Ball, location: 2F
0-2: Ball
1-2: Strikes out swinging
Batting: SHB Roderick Speed 0-0: Ball
1-0: Called Strike
1-1: Ball
2-1: SINGLE (Groundball, 56, EV 108.1 MPH)
Batting: RHB John Barton 0-0: Called Strike
0-1: Swinging Strike
0-2: Ball
1-2: 2-RUN HOME RUN (Flyball, 7LD, EV 93.8 MPH), Distance : 349 ft
Batting: LHB Iestyn Peacock 0-0: Ball
1-0: Foul Ball, location: 2F
1-1: Foul Ball, location: 2F
1-2: Ball
2-2: Fly out, F9 (Flyball, 9S, EV 78.8 MPH)
Batting: LHB Ryan Adams 0-0: Ball
1-0: Called Strike
1-1: Ball
2-1: Ball
3-1: Called Strike
3-2: Fly out, F7 (Flyball, 78M, EV 86.2 MPH)
Bottom of the 8th over - 2 runs, 2 hits, 0 errors, 0 left on base; Winnipeg 7 - Detroit 8
TOP OF THE 9TH
Winnipeg Goldeyes batting - Pitching for Detroit Red Wings : RHP Neel Verhelst
Now in LF: Yuusou Honda
Now in CF: John Barton
Pinch Hitting: LHB Dave Bertheau 0-0: Foul Ball, location: 2F
0-1: Swinging Strike
0-2: Ball
1-2: Ball
2-2: Foul Ball, location: 2F
2-2: Strikes out swinging
Batting: RHB Settan Nakamura 0-0: Ball
1-0: Called Strike
1-1: Called Strike
1-2: Ball
2-2: Ball
3-2: Fly out, F7 (Line Drive, 7S, EV 91.9 MPH)
Batting: SHB Tim Lloyd 0-0: Called Strike
0-1: Swinging Strike
0-2: Ball
1-2: Strikes out looking
Top of the 9th over - 0 runs, 0 hits, 0 errors, 0 left on base; Winnipeg 7 - Detroit 8
Tuesday, March 28th , 2023 - OOTP Baseball 23.10 Build 110